cohdb
Replays
Latest Replays
All Replays
Popular Replays
Top Player Replays
Match Explorer
How It Works
Community
CoH3 Stats
Reddit
Sign in to upload your games and track your stats! →
Sign in with Steam
Match 45710396
Unlisted
Match 45710396
Overview
Messages
Build Orders
End
Pioneer Squad
Construct Infanterie Kompanie
Grenadier Squad
Selects Breakthrough Battlegroup
Selects Assault Grenadiers
Grenadier Squad
MG 42 Machine Gun Team
Construct Luftwaffe Kompanie
Selects Rapid Production
221 Scout Car
Flak 30 Anti-aircraft Gun Team
221 Scout Car
Infanterie Officer Quarters
Jäger Squad
Selects Breakthrough
Breakthrough
Jäger Squad
Luftwaffe Officer Quarters
Pioneer Squad
Construct Panzergrenadier Kompanie
Construct Panzer Kompanie
Panzer IV Medium Tank
MG 42 Machine Gun Team
Panzer IV Medium Tank
Selects Incendiary Bombing Run
Selects Blitzkrieg
Selects Panzer IV Command Tank Sd.Kfz. 161/1
Medical Station
Panzer IV Medium Tank
Blitzkrieg
Nostalgi@
♥weiden~ orz
0
0
Comments
sign in to comment!
No comments posted yet!